 Dungeon Crawl Stone Soup version 0.20-a0-1066-ga910694 (webtiles) character file.

8423 JeffiDaFish the Basher (level 11, -2/69 HPs)
             Began as a Gargoyle Fighter on Apr 27, 2017.
             Was a High Priest of Okawaru.
             Slain by a freezing wraith (3 damage)
             ... in an ice cave on Apr 28, 2017.
             The game lasted 00:19:49 (9219 turns).

JeffiDaFish the Basher (Gargoyle Fighter)           Turns: 9219, Time: 00:19:51

Health: -2/69      AC: 27    Str: 21    XL:     11   Next: 30%
Magic:  11/11      EV:  6    Int:  8    God:    Okawaru [*****.]
Gold:   216        SH: 11    Dex: 12    Spells: 10/10 levels left

rFire    + . .     SeeInvis .   v - +7 eveningstar (drain)
rCold    + . .     Gourm    .   c - +0 shield
rNeg     + . .     Faith    .   H - +0 plate armour
rPois    ∞         Spirit   .   A - +0 hat
rElec    +         Reflect  .   m - +1 cloak
rCorr    .         Harm     .   a - +0 pair of gloves
MR       .....                  h - +2 pair of boots {Stlth+}
Stlth    ..........             (no amulet)
Regen    0.3/turn               e - ring of protection from fire
MPRegen  0.2/turn               j - ring of protection from cold (curse)

@: slowed, very slow
A: talons 1, negative energy resistance 1, electricity resistance, wild magic 1,
unbreathing, petrification resistance, rot immunity, AC +7
a: Heroism, Finesse, Renounce Religion


You were in an ice cave.
You worshipped Okawaru.
Okawaru was extremely pleased with you.
You were not hungry.

You visited 3 branches of the dungeon, and saw 11 of its levels.
You also visited: Ossuary and Ice Cave.

You collected 648 gold pieces.
You spent 432 gold pieces at shops.

Inventory:

Hand Weapons
 v - a +7 eveningstar of draining (weapon)
Armour
 a - a +0 pair of gloves (worn)
 c - a +0 shield (worn)
 h - a +2 pair of boots of stealth (worn)
 m - a +1 cloak (worn)
 A - a +0 hat (worn)
 H - a +0 plate armour (worn)
Jewellery
 e - a ring of protection from fire (left hand)
 j - a cursed ring of protection from cold (right hand)
 G - an uncursed ring of positive energy
Scrolls
 i - 2 scrolls of amnesia
 k - 3 scrolls of remove curse
 n - 8 scrolls of identify
 o - 2 scrolls of fog
 s - 4 scrolls of teleportation
 u - a scroll of recharging
 B - 3 scrolls of blinking
 E - 2 scrolls of magic mapping
 I - a scroll of enchant armour
Potions
 b - a potion of magic
 d - a potion of might
 l - 6 potions of curing
 q - a potion of brilliance
 r - a potion of cancellation
 D - 2 potions of ambrosia
Books
 y - a book of Frost

   Spells                             Type                      Level
   a - Freeze                         Ice                          1
   b - Throw Frost                    Conjuration/Ice              2
   c - Ozocubu's Armour               Charms/Ice                   3
   d - Throw Icicle                   Conjuration/Ice              4
   e - Summon Ice Beast               Ice/Summoning                4
Comestibles
 f - 8 bread rations
 g - 4 fruits
 x - 4 royal jellies
 z - a meat ration


   Skills:
 + Level 8.9 Fighting
 + Level 11.7 Maces & Flails
 + Level 7.8 Armour
 + Level 2.4 Dodging
 + Level 0.8 Stealth
 + Level 8.5 Shields


You had 10 spell levels left.
You didn't know any spells.

Dungeon Overview and Level Annotations

Branches:
Dungeon (9/15)             Temple (1/1) D:4            Lair (1/6) D:9
    Orc (0/2) D:9

Altars:
Dithmenos
Fedhas
Gozag
Kikubaaqudgha
Makhleb
Nemelex Xobeh
Okawaru
Qazlal
Ru
Sif Muna
Vehumet
Zin
The Shining One
Beogh

Shops:
D:5 (:   D:6 =


Innate Abilities, Weirdness & Mutations

You are resistant to torment.
Your stone body is resilient. (AC +7)
You are immune to poison.
You resist negative energy. (rN+)
You are resistant to electric shocks. (rElec)
You can survive without breathing.
You are immune to petrification.
You are immune to rotting.
You have sharp toenails.
Your spells are a little harder to cast, but a little more powerful.


Message History

You feel as though you will be slow longer.
You block the freezing wraith's attack. x2
The freezing wraith hits you but does no damage.
You block the freezing wraith's attack. x2
The freezing wraith closely misses you.
You bludgeon the freezing wraith!!
You destroy the freezing wraith!
Okawaru accepts your kill.
The freezing wraith hits you but does no damage.
The freezing wraith barely misses you.
You closely miss the freezing wraith.
The freezing wraith hits you but does no damage. x2
You closely miss the freezing wraith. The freezing wraith hits you!
* * * LOW HITPOINT WARNING * * *
The freezing wraith freezes you. You resist.
* * * LOW HITPOINT WARNING * * *
You block the freezing wraith's attack.
The freezing wraith hits you but does no damage.
The freezing wraith hits you.
You die...

#....## #...###
###...#### #..###
##....###........##
#...##
##...............##
##...###
####.............#
###...###
##............#
###...###
##..........#
##....###
##.#....#.#
###....## ####..##
###.@.## ##..# .##
###W.# ##..##
.....###..## #..##
#......W.## #...##
.......W.# ##...##
.........# ##...#
.........# ##...#
#.......## #...##
###...### ##...##


You could see a freezing wraith.

Vanquished Creatures
  The ghost of CanOfBees the Nimble, a novice MiMo of Wu Jian (D:8)
  The ghost of ktulu8bugs the Digger, a novice FoEE (D:5)
  Psyche (D:9)
  2 rime drakes (Lair:1)
  6 freezing wraiths (IceCv)
  A komodo dragon (D:8)
  A spriggan (D:7)
  2 basilisks (D:9)
  2 wyverns
  2 hungry ghosts
  A steam dragon (D:9)
  Edmund (D:5)
  7 ice beasts
  2 orc warriors (D:9)
  3 black bears (D:9)
  4 ogres
  2 necrophages
  2 crocodiles (D:9)
  2 centaurs (D:9)
  2 bullfrogs
  A gnoll sergeant (D:9)
  3 scorpions
  An elephant simulacrum (IceCv)
  5 wights (D:6)
  3 crimson imps
  2 bullfrog zombies
  A jelly (D:7)
  A quasit (D:8)
  4 hounds
  2 orc priests (D:9)
  Crazy Yiuf (D:5)
  5 orc wizards
  Natasha (D:2)
  3 worker ants
  A polar bear simulacrum (IceCv)
  2 wolf simulacra (IceCv)
  A big kobold zombie (Ossuary)
  3 mummies (Ossuary)
  2 hound skeletons
  A worker ant zombie (D:7)
  13 adders
  4 gnolls (D:9)
  5 shadow imps
  5 white imps (IceCv)
  3 oozes
  5 adder zombies
  2 worms (D:2)
  A dart slug (D:5)
  6 leopard geckos
  18 orcs
  3 ball pythons
  7 bats
  4 giant cockroaches
  6 goblins
  9 hobgoblins
  19 jackals
  7 quokkas
  10 frilled lizards
  2 goblin zombies (Ossuary)
  4 hobgoblin zombies (Ossuary)
  A jackal zombie (D:5)
  6 kobolds
  3 kobold zombies (Ossuary)
  4 quokka zombies (Ossuary)
  14 rats
  A rat zombie (Ossuary)
250 creatures vanquished.

Notes
Turn   | Place    | Note
-------+----------+-------------------------------------------
     0 | D:1      | JeffiDaFish the Gargoyle Fighter began the quest for the Orb.
     0 | D:1      | Reached XP level 1. HP: 14/14 MP: 1/1
   203 | D:1      | Reached XP level 2. HP: 18/19 MP: 2/2
   531 | D:1      | Reached XP level 3. HP: 23/23 MP: 3/3
   883 | D:2      | Reached XP level 4. HP: 24/28 MP: 4/4
  1104 | D:2      | Reached skill level 3 in Maces & Flails
  1252 | D:2      | Found a blossoming altar of Fedhas.
  1579 | D:2      | Noticed Natasha
  1583 | D:2      | Killed Natasha
  1583 | D:2      | Reached skill level 1 in Dodging
  1583 | D:2      | Reached XP level 5. HP: 19/32 MP: 5/5
  2005 | D:3      | Found a stormy altar of Qazlal.
  2006 | D:3      | Noticed an air elemental
  2010 | D:3      | Noticed a water elemental
  2115 | D:3      | Noticed a fire elemental
  2347 | D:3      | Reached skill level 4 in Maces & Flails
  2648 | D:4      | Found a staircase to the Ecumenical Temple.
  2668 | D:4      | Reached XP level 6. HP: 35/38 MP: 6/6
  2716 | Temple   | Entered the Ecumenical Temple
  2731 | Temple   | Became a worshipper of Warmaster Okawaru
  2788 | D:4      | Gained mutation: You have sharp toenails. [potion of mutation]
  2788 | D:4      | Gained mutation: Your spells are a little harder to cast, but a little more powerful. [potion of mutation]
  2838 | D:4      | Found a burning altar of Makhleb.
  3050 | D:4      | Upgraded the game from 0.20-a0-1062-g7b787ac to 0.20-a0-1066-ga910694
  3252 | D:5      | Entered Level 5 of the Dungeon
  3326 | D:5      | Found Loohecow's Antique Weapon Boutique.
  3464 | D:5      | Noticed ktulu8bugs's ghost (novice FoEE)
  3487 | D:5      | Killed ktulu8bugs's ghost
  3487 | D:5      | Reached * piety under Okawaru
  3487 | D:5      | Reached ** piety under Okawaru
  3487 | D:5      | Reached skill level 5 in Maces & Flails
  3487 | D:5      | Reached skill level 5 in Shields
  3487 | D:5      | Reached XP level 7. HP: 43/44 MP: 7/7
  3623 | D:5      | Noticed Edmund
  3634 | D:5      | Killed Edmund
  3634 | D:5      | Reached skill level 5 in Fighting
  3634 | D:5      | Reached skill level 5 in Armour
  3634 | D:5      | Reached XP level 8. HP: 34/49 MP: 8/8
  3893 | D:5      | Found a glowing silver altar of Zin.
  3938 | D:5      | Found a runed door.
  3942 | D:5      | Noticed Crazy Yiuf
  3948 | D:5      | Killed Crazy Yiuf
  3948 | D:5      | Reached skill level 6 in Maces & Flails
  4071 | D:5      | Found Ohoclang's Book Emporium.
  4225 | D:6      | Found a sand-covered staircase.
  4230 | Ossuary  | Entered an ossuary
  4745 | D:6      | Found Uqawy's Jewellery Shoppe.
  5446 | D:6      | Reached skill level 7 in Maces & Flails
  5859 | D:7      | Noticed a spriggan baker
  5877 | D:7      | Killed a spriggan baker
  5877 | D:7      | Reached *** piety under Okawaru
  5917 | D:7      | Reached XP level 9. HP: 47/55 MP: 9/9
  6144 | D:5      | Bought a runed eveningstar for 432 gold pieces
  6566 | D:8      | Noticed a komodo dragon
  6573 | D:8      | Killed a komodo dragon
  6711 | D:8      | Noticed CanOfBees's ghost (novice MiMo)
  6737 | D:8      | Killed CanOfBees's ghost
  6737 | D:8      | Reached **** piety under Okawaru
  6737 | D:8      | Reached skill level 8 in Maces & Flails
  7365 | D:8      | Reached skill level 9 in Maces & Flails
  7469 | D:9      | Reached XP level 10. HP: 63/63 MP: 10/10
  7588 | D:9      | Noticed Psyche
  7590 | D:9      | Paralysed by Psyche for 6 turns
  7599 | D:9      | Killed Psyche
  7599 | D:9      | Reached ***** piety under Okawaru
  7639 | D:9      | Found a staircase to the Lair.
  7675 | D:9      | Reached skill level 10 in Maces & Flails
  8091 | D:9      | Found a staircase to the Orcish Mines.
  8162 | D:9      | Found a roughly hewn altar of Beogh.
  8328 | Lair:1   | Entered Level 1 of the Lair of Beasts
  8328 | Lair:1   | Found a frozen archway.
  8339 | Lair:1   | Reached skill level 11 in Maces & Flails
  8480 | IceCv    | Entered an ice cave
  8715 | IceCv    | Reached XP level 11. HP: 58/69 MP: 11/11
  8723 | IceCv    | Received a gift from Okawaru
  9219 | IceCv    | HP: 1/69 [freezing wraith (4)]
  9219 | IceCv    | Slain by a freezing wraith

Vault maps used:
D:1:      dpeg_cavernosity, minmay_close_crescents
D:2:      kb_forest_paths, old_standard_altar, first_bread, uniq_natasha
D:3:      nicolae_qazlal_style_of_elements
D:4:      temple_doors_e, bloody_makhleb
D:5:      serial_shops, nicolae_shop_temple_entry_statues_fountains,
          shop_statue, basic_altar, minmay_stone_trees_small,
          uniq_crazy_yiuf_cottage, uniq_edmund
D:6:      serial_shops, shop_fountains, enter_ossuary_2, corexii_shack,
          minmay_holes
D:7:      the_bakery
D:9:      erik_lair_dragon, minmay_orc_entry_temple_small, uniq_psyche
Temple:   nicolae_temple_the_god_donut
Lair:1:   portal_ice_cave_rime, minivault_26, grunt_megastairs_2,
          infiniplex_staircase_pool
Ossuary:  ossuary_minmay_chase
IceCv:    ice_cave_small_necro

Skill      XL: |  1  2  3  4  5  6  7  8  9 10 |
---------------+-------------------------------+-----
Maces & Flails | 3 4 5 7 9 11 | 11.7
Shields        | 4 5 6 7 8 |  8.5
Dodging        | 1 2 |  2.4
Armour         | 4 5 6 7 |  7.8
Fighting       | 4 5 7 8 |  8.9
Stealth        | |  0.8

Action                   |  1- 3 |  4- 6 |  7- 9 | 10-12 || total
-------------------------+-------+-------+-------+-------++-------
Melee: Flail             |   163 |   304 |   232 |       ||   699
       Kick              |       |    14 |    95 |    51 ||   160
       Eveningstar       |       |       |    96 |   222 ||   318
  Use: Potion            |     2 |     9 |     1 |     3 ||    15
       Scroll            |     3 |     9 |     4 |     3 ||    19
  Eat: Chunk             |       |     8 |     9 |     6 ||    23
       Fruit             |       |     1 |       |       ||     1
       Meat ration       |       |       |     1 |     1 ||     2
Armor: Scale mail        |   106 |   147 |       |       ||   253
       Skin              |       |     6 |       |       ||     6
       Chain mail        |       |    37 |   190 |    71 ||   298
       Plate armour      |       |       |       |   130 ||   130
Dodge: Dodged            |    64 |    76 |    69 |    67 ||   276
Block: Shield            |   109 |   167 |   156 |   147 ||   579
